 Dungeon Crawl Stone Soup version 0.21-a0-531-gacddea6 (webtiles) character file.

1143 slep the Chopper (level 8, 0/42 HPs)
             Began as a Vine Stalker Gladiator on Dec 13, 2017.
             Was an Initiate of Okawaru.
             Succumbed to a scorpion's poison
             ... on level 4 of the Dungeon.
             The game lasted 00:14:01 (3021 turns).

slep the Chopper (Vine Stalker Gladiator)           Turns: 3021, Time: 00:14:02

Health: 0/42       AC:  2    Str: 18    XL:     8   Next: 37%
Magic:  9/9        EV: 14    Int:  9    God:    Okawaru [......]
Gold:   280        SH:  0    Dex: 16    Spells: 7/7 levels left

rFire    . . .     SeeInvis .   a - +0 war axe
rCold    . . .     Gourm    .   (no shield)
rNeg     . . .     Faith    .   k - -1 robe (curse)
rPois    .         Spirit   +   c - +0 helmet
rElec    .         Reflect  .   p - scarf {cloud immunity}
rCorr    .         Harm     .   (no gloves)
MR       +....                  (no boots)
Stlth    ++........             m - amulet of rage
HPRegen  0.54/turn              (no ring)
MPRegen  0.11/turn              (no ring)

@: lethally poisoned (0 -> -2)
A: fangs 3, regeneration 1, magic shield, antimagic bite, no potion heal 3, rot
immunity
a: Renounce Religion, Evoke Berserk Rage


You were on level 4 of the Dungeon.
You worshipped Okawaru.
Okawaru was noncommittal.
You were not hungry.

You visited 1 branch of the dungeon, and saw 4 of its levels.

You collected 280 gold pieces.

Inventory:

Hand Weapons
 a - a +0 war axe (weapon)
Missiles
 d - 2 throwing nets (quivered)
Armour
 b - a +0 leather armour
 c - a +0 helmet (worn)
 k - a cursed -1 robe (worn)
 p - a scarf of cloud immunity (worn)
Jewellery
 m - an amulet of rage (around neck)
Scrolls
 g - 3 scrolls of teleportation {unknown}
 h - 2 scrolls of remove curse {unknown}
 j - 7 scrolls of identify {unknown}
 q - a scroll of immolation {unknown}
Potions
 e - a potion of magic
 l - a potion of flight
 u - a potion of cancellation
 v - 2 potions of curing {unknown}
 w - a potion of lignification {unknown}
Comestibles
 f - 4 bread rations
 o - 2 meat rations
 r - 7 fruits
 x - a chunk of flesh


   Skills:
 + Level 3.8 Fighting
 + Level 7.0 Axes
 + Level 1.9 Throwing
 + Level 0.2 Armour
 + Level 4.3 Dodging
 + Level 3.4 Stealth


You had 7 spell levels left.
You didn't know any spells.

Dungeon Overview and Level Annotations

Branches:
Dungeon (4/15)
 Temple: D:4-7

Altars:
Dithmenos
Elyvilon
Gozag
Okawaru
Qazlal
Trog
Xom


Innate Abilities, Weirdness & Mutations

You have razor-sharp teeth.
Your natural rate of healing is unusually fast.
When hurt, damage is shared between your health and your magic reserves.
Your bite disrupts and absorbs the magic of your enemies.
Potions cannot restore your health.
You are immune to rotting.


Message History

* * * LOW HITPOINT WARNING * * *
You feel sick.
There is a lethal amount of poison in your body!
* * * LOW HITPOINT WARNING * * *
You feel sick.
It was a potion of heal wounds.
That seemed strangely inert.
It was a potion of invisibility.
You fade into invisibility!
* * * LOW HITPOINT WARNING * * *
You feel sick.
You are very lightly contaminated with residual magic.
It was a potion of cancellation.
Your magical effects are unravelling.
You feel magically purged.
Your magical contamination has completely faded away.
You feel less invigorated.
You feel yourself slow down.
You float gracefully downwards.
You flicker back into view.
You feel less confused.
You die...

._..# #<#####.#####
#.#.# ######### #...#
#...#######
#########...#..)#.#
##.P....#..^#.#
#PP.#.......))# ###
###..P.^^.#####...#
####.P.PPP.#†..#
######.####.....@#
........# ###...##
######.########^###
.............###^.####
############...###^..#
###..####^##
##....##.# ####....#
######


There were no monsters in sight!

Vanquished Creatures
  The ghost of Harvester the Stinger, an amateur OpVM of Dithmenos (D:3)
  2 phantoms (D:4)
  3 ogres (D:4)
  4 scorpions (D:4)
  A howler monkey (D:4)
  An orc priest (D:3)
  2 hounds (D:4)
  An iguana (D:4)
  Terence (D:3)
  3 worker ants (D:4)
  5 adders
  An ooze (D:3)
  3 worms
  A dart slug (D:3)
  2 leopard geckos
  13 orcs
  5 giant cockroaches
  4 goblins (D:1)
  8 hobgoblins
  2 jackals (D:2)
  2 quokkas
  2 ball pythons
  16 bats
  3 frilled lizards
  7 kobolds
  A leopard gecko skeleton (D:4)
  8 rats
  3 fungi (D:4)
105 creatures vanquished.

Vanquished Creatures (others)
  A fungus (D:4)
1 creature vanquished.

Grand Total: 106 creatures vanquished

Notes
Turn   | Place    | Note
-------+----------+-------------------------------------------
     0 | D:1      | slep the Vine Stalker Gladiator began the quest for the Orb.
     0 | D:1      | Reached XP level 1. HP: 11/11 MP: 2/2
   116 | D:1      | Reached XP level 2. HP: 6/15 MP: 3/3
   536 | D:1      | Reached skill level 3 in Axes
   853 | D:2      | Reached XP level 3. HP: 18/18 MP: 4/4
   858 | D:2      | Found a shimmering altar of Xom.
   962 | D:2      | Found an opulent altar of Gozag.
  1144 | D:2      | Found a white marble altar of Elyvilon.
  1314 | D:3      | Gained mutation: Your natural rate of healing is unusually fast. [Vine Stalker growth]
  1314 | D:3      | Reached XP level 4. HP: 19/23 MP: 5/5
  1320 | D:3      | Reached skill level 1 in Stealth
  1390 | D:3      | Noticed Terence
  1444 | D:3      | Reached skill level 4 in Axes
  1444 | D:3      | Reached XP level 5. HP: 27/27 MP: 6/6
  1529 | D:3      | Noticed Harvester's ghost (amateur OpVM)
  1544 | D:3      | Killed Harvester's ghost
  1544 | D:3      | Reached XP level 6. HP: 9/32 MP: 5/7
  1821 | D:3      | Found a bloodstained altar of Trog.
  1979 | D:4      | Reached skill level 5 in Axes
  2062 | D:4      | Noticed a phantom
  2088 | D:4      | Killed a phantom
  2088 | D:4      | Reached XP level 7. HP: 29/36 MP: 5/8
  2101 | D:4      | Found a stormy altar of Qazlal.
  2231 | D:4      | Reached skill level 6 in Axes
  2318 | D:4      | Found a shadowy altar of Dithmenos.
  2371 | D:4      | Gained mutation: You have razor-sharp teeth. [Vine Stalker growth]
  2371 | D:4      | Reached XP level 8. HP: 16/40 MP: 9/9
  2453 | D:4      | Found an iron altar of Okawaru.
  2459 | D:4      | Became a worshipper of Warmaster Okawaru
  2627 | D:3      | Killed Terence
  3013 | D:4      | Reached skill level 7 in Axes
  3014 | D:4      | HP: 2/42 [poisoned by a scorpion]
  3020 | D:4      | HP: 1/42 [poisoned by a scorpion]
  3021 | D:4      | Succumbed to a scorpion's poison

Vault maps used:
D:1:      tarquinn_simple_flora_water_e, serial_curves, eino_curves_02,
          eino_curves_03, eino_curves_03
D:2:      xom_teletrap_fun, nicolae_overflow_crystal_walls, grunt_gozag_statues
D:3:      nicolae_overflow_hidden_temple, first_bread, uniq_terence
D:4:      old_forge, lemuel_crystal_altar, lemuel_crystal_altar,
          overflow_temple_1_default, minmay_cut_off

Skill      XL: |  1  2  3  4  5  6  7  8 |
---------------+-------------------------+-----
Fighting       | 2 3 |  3.8
Axes           | 3 4 5 6 7 |  7.0
Stealth        | 1 2 3 |  3.4
Dodging        | 3 4 |  4.3
Throwing       | |  1.9
Armour         | |  0.2

Action                   |  1- 3 |  4- 6 |  7- 9 || total
-------------------------+-------+-------+-------++-------
Melee: War axe           |    81 |    95 |   127 ||   303
       Bite              |    15 |    34 |    48 ||    97
Throw: Throwing net      |       |     2 |       ||     2
  Use: Potion            |       |     1 |     7 ||     8
 Stab: Sleeping          |     2 |     2 |     4 ||     8
  Eat: Chunk             |     1 |     3 |     3 ||     7
Armor: Leather armour    |     8 |       |       ||     8
       Robe              |    11 |    15 |    17 ||    43
Dodge: Dodged            |    69 |    74 |    95 ||   238

Table legend:
 A = Spawn XP
 B = Non-spawn XP
 C = Spawn XP percentage of total XP
 D = Spawn monster count
 E = Non-spawn monster count
 F = Spawn count percentage of total count
 G = Total turns spent on level
                    A         B        C        D         E        F      G
               +---------+---------+-------+---------+---------+-------+---------
         Total |       0 |    1634 |   0.0 |       0 |     102 |   0.0 |  3021
               +---------+---------+-------+---------+---------+-------+---------
           D:1 |       0 |      31 |   0.0 |       0 |      20 |   0.0 |   837
           D:2 |       0 |      39 |   0.0 |       0 |      14 |   0.0 |   435
           D:3 |       0 |     323 |   0.0 |       0 |      36 |   0.0 |   861
           D:4 |       0 |    1241 |   0.0 |       0 |      32 |   0.0 |   888
               +---------+---------+-------+---------+---------+-------+---------
